 Dungeon Crawl Stone Soup version 0.17-a0-1942-g46ae386 (webtiles) character file.

19344 valsik64 the Transmogrifier (level 12, -4/110 HPs)
             Began as a Mottled Draconian Transmuter on Sept 30, 2015.
             Was a High Priest of Sif Muna.
             Slain by a six-headed hydra (12 damage)
             ... on level 11 of the Dungeon on Oct 1, 2015.
             The game lasted 02:24:13 (18694 turns).

valsik64 the Transmogrifier (DrTm)                 Turns: 18694, Time: 02:24:13

Health: -4/110     AC: 11    Str: 13    XL:     12   Next: 35%
Magic:  17/18      EV: 17    Int: 18    God:    Sif Muna [*****.]
Gold:   627        SH:  3    Dex: 12    Spells: 6 memorised, 1 level left

rFire  . . .     SeeInvis .       - Unarmed
rCold  . . .     Clarity  .     (armour unavailable)
rNeg   . . .     SustAt   .     G - +0 buckler
rPois  +         Gourm    +     (helmet restricted)
rElec  .         Spirit   .     R - +2 cloak
rCorr  .         Warding  .     (no gloves)
rMut   .         Stasis   .     (no boots)
MR     .....                    S - amulet of the gourmand
Stlth  +.........               M - +3 ring of evasion
                                j - ring of poison resistance

@: short of breath, appendage, not resistant to hostile enchantments, very
unstealthy
A: breathe sticky flame splash, unfitting armour, horns 2, cold-blooded, AC +8
a: Breathe Sticky Flame, End Transformation, Channel Energy, Forget Spell,
Renounce Religion


You were on level 11 of the Dungeon.
You worshipped Sif Muna.
Sif Muna was extremely pleased with you.
You were not hungry.
You had grown temporary horns.
You visited 2 branches of the dungeon, and saw 14 of its levels.
You also visited: Labyrinth and Ice Cave.

You collected 885 gold pieces.
You spent 258 gold pieces at shops.

Inventory:

Hand weapons
 a - a +1 dagger of protection
 d - a +2 falchion of electrocution
 Q - a +1 trident of flaming
Missiles
 D - 8 javelins (quivered)
Armour
 G - a +0 buckler (worn)
 R - a +2 cloak (worn)
Jewellery
 j - a ring of poison resistance (left hand)
 M - a +3 ring of evasion (right hand)
 P - an uncursed amulet of clarity
 S - an amulet of the gourmand (around neck)
 T - an uncursed amulet of warding
Magical devices
 y - a wand of confusion (16)
 W - a wand of lightning (5)
Scrolls
 e - a scroll of enchant armour
 k - a scroll of immolation {unknown}
 p - 4 scrolls of teleportation
 s - a scroll of fog
 u - 6 scrolls of remove curse
 w - a scroll of magic mapping
 A - 2 scrolls of recharging
 J - a scroll of amnesia
Potions
 f - 2 potions of lignification
 h - 2 potions of magic
 l - a potion of cancellation {unknown}
 m - a potion of poison {unknown}
 n - a potion of resistance {unknown}
 o - 2 potions of brilliance {unknown}
 t - 2 potions of flight
 x - a potion of heal wounds {unknown}
 z - 4 potions of curing
 B - a potion of agility {unknown}
 E - 2 potions of might
 H - a potion of beneficial mutation {unknown}
 I - 2 potions of haste {unknown}
 K - a potion of experience {unknown}
 O - a potion of berserk rage {unknown}
Books
 b - a book of Changes

   Spells                             Type                      Level
   a - Beastly Appendage              Transmutation                1
   b - Sticks to Snakes               Transmutation                2
   c - Spider Form                    Transmutation/Poison         3
   d - Ice Form                       Ice/Transmutation            4
   e - Blade Hands                    Transmutation                5
 g - a book of Unlife

   Spells                             Type                      Level
   a - Recall                         Summoning/Translocation      3
   b - Animate Dead                   Necromancy                   4
   c - Control Undead                 Necromancy                   4
   d - Cigotuvi's Embrace             Necromancy                   5
   e - Death Channel                  Necromancy                   6
   f - Simulacrum                     Ice/Necromancy               6
 F - a book of the Sky

   Spells                             Type                      Level
   a - Summon Lightning Spire         Summoning/Air                4
   b - Airstrike                      Air                          4
   c - Silence                        Hexes/Air                    5
   d - Deflect Missiles               Charms/Air                   6
   e - Conjure Ball Lightning         Conjuration/Air              6
   f - Tornado                        Air                          9
 L - a book of Alchemy

   Spells                             Type                      Level
   a - Sublimation of Blood           Necromancy                   2
   b - Ignite Poison                  Fire/Transmutation/Poison    3
   c - Alistair's Intoxication        Transmutation/Poison         4
   d - Condensation Shield            Ice                          4
   e - Petrify                        Transmutation/Earth          4
   f - Irradiate                      Conjuration/Transmutation    5
 N - a book of Annihilations

   Spells                             Type                      Level
   a - Poison Arrow                   Conjuration/Poison           6
   b - Chain Lightning                Conjuration/Air              8
   c - Lehudib's Crystal Spear        Conjuration/Earth            8
   d - Glaciate                       Conjuration/Ice              9
   e - Fire Storm                     Conjuration/Fire             9
 U - a book of Cantrips

   Spells                             Type                      Level
   a - Corona                         Hexes                        1
   b - Animate Skeleton               Necromancy                   1
   c - Summon Small Mammal            Summoning                    1
   d - Apportation                    Translocation                1
 X - a book of Hinderance

   Spells                             Type                      Level
   a - Confusing Touch                Hexes                        2
   b - Confuse                        Hexes                        3
   c - Gell's Gravitas                Hexes/Translocation          3
   d - Petrify                        Transmutation/Earth          4
   e - Metabolic Englaciation         Hexes/Ice                    5
 Y - the Papyrus of Harmful Air
   (You found it in a labyrinth)

   Spells                             Type                      Level
   a - Swiftness                      Charms/Air                   2
   b - Static Discharge               Conjuration/Air              3
   c - Summon Lightning Spire         Summoning/Air                4
   d - Irradiate                      Conjuration/Transmutation    5
   e - Freezing Cloud                 Conjuration/Ice/Air          6
 Z - a book of Ice

   Spells                             Type                      Level
   a - Ice Form                       Ice/Transmutation            4
   b - Metabolic Englaciation         Hexes/Ice                    5
   c - Ozocubu's Refrigeration        Ice                          6
   d - Bolt of Cold                   Conjuration/Ice              6
   e - Freezing Cloud                 Conjuration/Ice/Air          6
   f - Simulacrum                     Ice/Necromancy               6
Comestibles
 c - 6 bread rations
 i - 4 fruits
 r - a royal jelly
 v - 6 meat rations


   Skills:
 - Level 11.0 Fighting
 + Level 6.0 Dodging
 - Level 11.2 Unarmed Combat
 - Level 4.0 Spellcasting
 - Level 11.2 Transmutations
 - Level 2.0 Fire Magic
 - Level 5.0 Air Magic


You had one spell level left.
You knew the following spells:

 Your Spells              Type           Power        Failure   Level  Hunger
a - Beastly Appendage     Trmt           #####.       1%          1    None
b - Spider Form           Trmt/Pois      ###.......   10%         3    ###....
c - Blade Hands           Trmt           #####.....   10%         5    ######.
d - Ignite Poison         Fire/Trmt/Pois ###.....     14%         3    ###....
e - Summon Lightning Spi  Summ/Air       ##......     83%         4    ####...
f - Swiftness             Chrm/Air       ##......     14%         2    ##.....


Dungeon Overview and Level Annotations

Branches:
Dungeon (12/15)            Temple (0/1) D:5            Lair (2/8) D:8
    Orc: D:9-12

Altars:
Ashenzari
Cheibriados
Dithmenos
Elyvilon
Fedhas
Gozag
Kikubaaqudgha
Makhleb
Okawaru
Ru
Sif Muna
Trog
Zin

Shops:
D:7 *   D:10 }   D:11 *

Annotations:
D:7 exclusion: ice statue, crawdingle's ghost, experienced HOGl
D:12 Nessos
Lair:1 exclusion: oklob plant


Innate Abilities, Weirdness & Mutations

You can spit globs of burning liquid.
You can ignite nearby creatures when you spit burning liquid.
Your weird mottled scales are hard (AC +8).
Your body does not fit into most forms of armour.
You are cold-blooded and may be slowed by cold attacks.
You have a pair of horns on your head.


Message History

You hit the six-headed hydra.
The six-headed hydra is heavily wounded.
The six-headed hydra burns!
The six-headed hydra bites you. The six-headed hydra bites you!
You block the six-headed hydra's attack.
The six-headed hydra bites you! x2
* * * LOW HITPOINT WARNING * * *
The six-headed hydra barely misses you.
The six-headed hydra burns!
The six-headed hydra burns!
The six-headed hydra stops burning.
You block the six-headed hydra's attack.
The six-headed hydra closely misses you.
The six-headed hydra bites you!
* * * LOW HITPOINT WARNING * * *
The six-headed hydra bites you.
* * * LOW HITPOINT WARNING * * *
The six-headed hydra bites you!
* * * LOW HITPOINT WARNING * * *
The six-headed hydra bites you!
You die...

###########.......
#.......##..#.....
#.......##.##.....
#.......##.##.....
#.......##.##.....
#.......##.##.....
#.......##.##.....
#..........##.....
#@......#####.....
#.D.....# #.....
#.......# #.....
#.......# #.....
######### ###### #
# # #


You could see a six-headed hydra.

Vanquished Creatures
  Maud (D:10)
  Snorg (D:10)
  A minotaur (Lab)
  Nergalle (Lair:1)
  An iron golem (D:11)
  An unseen horror (D:10)
  2 hill giants
  An ugly thing (D:11)
  2 centaur zombies
  Maurice (D:8)
  The ghost of tedric the Slicer, an experienced KoEn (D:6)
  A spiny frog (Lair:2)
  A gargoyle (D:8)
  A fire drake (Lair:2)
  2 trolls
  A polar bear (Lair:2)
  2 two-headed ogres
  A freezing wraith (D:11)
  A deep elf fighter (D:10)
  A wyvern (D:8)
  18 yaks
  A human (D:10)
  A trapdoor spider (Lab)
  Eustachio (D:5)
  2 deep elf magi (D:11)
  3 hippogriffs
  2 basilisks
  8 water moccasins
  A soldier ant (D:10)
  A wasp (D:11)
  A phantom (D:7)
  2 ice beasts
  2 sky beasts
  7 ogres
  An orc warrior (D:11)
  3 centaurs
  2 necrophages
  An eye of draining (D:9)
  2 crocodiles
  8 giant frogs
  6 killer bees (D:7)
  2 scorpions
  8 wights
  3 quasits
  8 hounds
  7 crimson imps
  4 giant frog zombies
  6 worker ants
  A giant frog skeleton (D:9)
  2 jellies (D:8)
  4 orc priests
  Terence (D:2)
  9 orc wizards
  Natasha (twice) (D:4)
  8 iguanas
  An ogre zombie (D:12)
  2 worker ant zombies
  6 river rats
  11 adders
  7 gnolls
  7 shadow imps
  An ooze (D:4)
  4 worms
  2 adder skeletons
  7 giant geckos
  34 orcs
  3 ball pythons
  5 giant cockroaches
  10 goblins
  8 hobgoblins
  3 jackals (D:1)
  3 bats (D:1)
  A giant cockroach zombie (D:6)
  2 giant gecko skeletons
  6 giant newts
  A goblin skeleton (D:12)
  A goblin zombie (D:12)
  A hobgoblin skeleton (D:12)
  A hobgoblin zombie (D:12)
  A jackal skeleton (D:8)
  3 kobolds
  3 orc zombies (D:12)
  6 quokkas
  2 quokka skeletons (D:4)
  3 rats
307 creatures vanquished.

Vanquished Creatures (others)
  A plant (Lair:2)
1 creature vanquished.

Grand Total: 308 creatures vanquished

Notes
Turn   | Place    | Note
--------------------------------------------------------------
     0 | D:1      | valsik64 the Draconian Transmuter began the quest for the Orb.
     0 | D:1      | Reached XP level 1. HP: 16/16 MP: 3/3
   335 | D:1      | Reached XP level 2. HP: 20/23 MP: 5/5
  1084 | D:1      | Reached XP level 3. HP: 27/29 MP: 4/6
  1089 | D:1      | Learned a level 3 spell: Spider Form
  1319 | D:2      | Found a deep blue altar of Sif Muna.
  1324 | D:2      | Found a burning altar of Makhleb.
  1374 | D:2      | Found a shadowy altar of Dithmenos.
  1525 | D:2      | Noticed Terence
  1561 | D:2      | Found a snail-covered altar of Cheibriados.
  1564 | D:2      | Found a shattered altar of Ashenzari.
  1566 | D:2      | Found a blossoming altar of Fedhas.
  1585 | D:2      | Killed Terence
  1585 | D:2      | Reached XP level 4. HP: 17/37 MP: 7/7
  2206 | D:3      | Found a white marble altar of Elyvilon.
  2381 | D:2      | Became a worshipper of Sif Muna the Loreminder
  2456 | D:3      | Reached skill level 4 in Transmutations
  2721 | D:3      | Reached XP level 5. HP: 45/45 MP: 4/8
  2799 | D:4      | Noticed an ogre
  3010 | D:4      | Noticed Natasha
  3021 | D:4      | Reached skill level 5 in Transmutations
  3028 | D:4      | Killed Natasha
  3045 | D:4      | Reached XP level 6. HP: 45/51 MP: 3/9
  3100 | D:4      | Acquired Sif Muna's first power
  3432 | D:4      | Found a glowing silver altar of Zin.
  3448 | D:4      | Killed an ogre
  3448 | D:4      | Reached skill level 6 in Transmutations
  3645 | D:4      | Noticed Natasha
  3664 | D:4      | Killed Natasha
  3932 | D:5      | Entered Level 5 of the Dungeon
  4273 | D:5      | Learned a level 5 spell: Blade Hands
  4318 | D:5      | Noticed Eustachio
  4337 | D:5      | Killed Eustachio
  4337 | D:5      | Reached skill level 7 in Transmutations
  4337 | D:5      | Your scales start taking on a weird mottled colour.
  4337 | D:5      | Reached XP level 7. HP: 49/57 MP: 7/10
  4674 | D:5      | Found a staircase to the Ecumenical Temple.
  5218 | D:6      | Found a shattered altar of Ashenzari.
  5308 | D:6      | Noticed tedric's ghost (experienced KoEn)
  5323 | D:6      | Acquired Sif Muna's second power
  5323 | D:6      | Reached XP level 8. HP: 64/66 MP: 9/13
  5408 | D:5      | Reached skill level 5 in Unarmed Combat
  5518 | D:6      | Found an ancient bone altar of Kikubaaqudgha.
  5838 | D:6      | Found a sacrificial altar of Ru.
  6044 | D:7      | Learned a level 3 spell: Ignite Poison
  6075 | D:7      | Noticed an ice statue
  6236 | D:7      | Noticed crawdingle's ghost (experienced HOGl)
  6305 | D:7      | Found Aqoiphoi's Assorted Antiques.
  6320 | D:7      | Bought a scroll labeled VEHADDU PYAPE for 23 gold pieces
  6320 | D:7      | Bought a scroll labeled ADIH NUNWUURAR for 23 gold pieces
  6320 | D:7      | Bought a dented peridot amulet for 115 gold pieces
  6596 | D:6      | Killed tedric's ghost
  6681 | D:7      | Reached skill level 8 in Transmutations
  6880 | D:7      | Reached XP level 9. HP: 54/71 MP: 12/15
  7667 | D:7      | Reached skill level 9 in Transmutations
  7765 | D:7      | Reached skill level 5 in Fighting
  7989 | D:8      | Found a staircase to the Lair.
  8103 | D:8      | Reached skill level 1 in Fire Magic
  8150 | D:8      | Noticed a gargoyle
  8275 | D:8      | Noticed Maurice
  8318 | D:8      | Killed Maurice
  8440 | D:8      | Found an opulent altar of Gozag.
  8538 | Lair:1   | Entered Level 1 of the Lair of Beasts
  8599 | Lair:1   | Learned a level 4 spell: Summon Lightning Spire
  8802 | Lair:1   | Noticed an oklob plant
  8939 | Lair:1   | Noticed Nergalle
  9000 | Lair:1   | Killed Nergalle
  9000 | Lair:1   | Reached XP level 10. HP: 75/86 MP: 10/16
  9752 | Lair:2   | Noticed a seven-headed hydra
  9883 | Lair:2   | Reached skill level 5 in Dodging
 10278 | Lair:2   | Acquired Sif Muna's third power
 10297 | Lair:1   | Reached skill level 10 in Transmutations
 10576 | Lair:2   | Reached skill level 5 in Air Magic
 10839 | D:8      | Killed a gargoyle
 11013 | D:9      | Found a burning altar of Makhleb.
 11067 | D:9      | Reached XP level 11. HP: 80/92 MP: 15/17
 11552 | D:9      | Found an iron altar of Okawaru.
 12143 | D:10     | Entered Level 10 of the Dungeon
 12165 | D:10     | Noticed Snorg
 12713 | D:10     | Noticed a hill giant
 12858 | D:11     | Found a frozen archway.
 12871 | IceCv    | Entered an ice cave
 12931 | D:11     | Found Obeon's General Store.
 12949 | D:11     | Bought a scroll of enchant armour for 97 gold pieces
 12985 | D:11     | Found a labyrinth entrance.
 13019 | Lab      | Entered a labyrinth
 14315 | Lab      | Noticed a minotaur
 14323 | Lab      | Killed a minotaur
 14346 | Lab      | Identified the Papyrus of Harmful Air
 14568 | Lab      | Learned a level 2 spell: Swiftness
 14807 | D:11     | Found a bloodstained altar of Trog.
 15359 | D:11     | Noticed a hill giant
 15833 | D:10     | Killed an unseen horror
 15833 | D:10     | Reached skill level 10 in Unarmed Combat
 15848 | D:10     | Found Raecuwno's Gadget Shoppe.
 15939 | D:10     | Killed a hill giant
 15939 | D:10     | Reached skill level 11 in Transmutations
 16100 | D:10     | Noticed Maud
 16119 | D:10     | Killed Maud
 16119 | D:10     | Reached skill level 10 in Fighting
 16416 | D:10     | Killed Snorg
 16416 | D:10     | Reached XP level 12. HP: 34/106 MP: 8/18
 17544 | D:11     | Killed a hill giant
 18050 | D:11     | Noticed a four-headed hydra
 18522 | D:12     | Noticed Nessos
 18694 | D:11     | Slain by a six-headed hydra

Vault maps used:
D:1:      minmay_arrival_stair_chambers
D:2:      nicolae_overflow_hidden_temple, grunt_dithmenos_smoke,
          kennysheep_generic_room_11, uniq_terence
D:3:      overflow_temple_1_default, first_bread
D:4:      lemuel_doored_altar, kennysheep_potato, uniq_natasha
D:5:      minmay_temple_entry_trees, uniq_eustachio
D:6:      nicolae_ru_awakened_eye, kiku_gazebo_pond_becter,
          cheibrodos_ashenzari_chains
D:7:      lemuel_ice_statue, serial_shops, nicolae_shop_crystal
D:8:      nicolae_gozag_seed_capital, lair_0_dummy, uniq_maurice
D:9:      kennysheep_little_box, basic_altar
D:10:     serial_shops, shop, serial_glass, glass_columns_b, glass_columns_a,
          glass_columns_a, glass_columns_a, glass_columns_a,
          hangedman_stone_soup, uniq_snorg, uniq_maud
D:11:     portal_ice_cave_entry_pillars_01, serial_shops,
          nicolae_shop_temple_entry_statues_fountains, lab_entry_generic,
          bloody_trog
D:12:     cheibrodos_stairvault_heist, zombieorc2_lemuel, uniq_gastronok,
          uniq_nessos, uniq_fannar
Lair:1:   lemuel_oklob_altar, uniq_nergalle
Lab:      labyrinth_watery, nicolae_lab_swirl
IceCv:    ice_cave_small_necro

Action                   |  1- 3 |  4- 6 |  7- 9 | 10-12 || total
-------------------------+-------+-------+-------+-------++-------
Melee: Unarmed           |    42 |    91 |   259 |   487 ||   879
       Dagger            |    72 |    73 |       |       ||   145
       Falchion          |       |       |    72 |       ||    72
Throw: Stone             |    45 |    50 |    51 |    37 ||   183
       Javelin           |       |       |       |    19 ||    19
 Cast: Beastly Appendage |    28 |    16 |    22 |     3 ||    69
       Spider Form       |       |    15 |    12 |     2 ||    29
       Blade Hands       |       |       |    18 |    69 ||    87
       Ignite Poison     |       |       |       |     1 ||     1
 Abil: Breathe Sticky Fl |       |       |     3 |     3 ||     6
  Use: Scroll            |       |     7 |    12 |     9 ||    28
       Potion            |       |       |       |     2 ||     2
 Stab: Sleeping          |       |       |     1 |       ||     1
  Eat: Chunk             |     3 |    11 |    15 |    60 ||    89
       Fruit             |       |       |     2 |       ||     2
       Pizza             |       |       |     2 |       ||     2
       Beef jerky        |       |       |     3 |       ||     3
       Meat ration       |       |       |       |     1 ||     1
